Map: Odyssey LE

Players

Dessa - Winner!

  • Race: Zerg Zerg
  • League: Diamond
  • Spawn Location: 11:00

Nfidel

  • Race: Zerg Zerg
  • League: Diamond
  • Spawn Location: 5:00

VOD

Have the link to the VOD?

Description

Time

  • Played on: Jan. 6, 2018, 3:18 p.m.
  • Length: 15:36
Show
View Real Time Build Order
Export as new Build Order

Dessa Zerg - Winner!

Build Orders: Pool First, Zergling Baneling 

Get SALT Encoding   

  12  0:01  Drone  
  13  0:09  Drone  
  14  0:16  Overlord  
  14  0:25  Drone, Extractor  
  15  0:35  Drone x2  
  17  0:40  Extractor  
  16  0:45  Drone  
  17  0:53  Spawning Pool  
  17  0:56  Drone  
  17  1:22  Hatchery  
  17  1:23  Drone  
  17  1:32  Overlord  
  17  1:37  Drone  
  18  1:41  Zergling x2  
  19  1:49  Queen  
  21  1:56  Metabolic Boost  
  21  2:01  Zergling x2  
  22  2:03  Drone  
  23  2:12  Drone  
  23  2:15  Extractor  
  23  2:32  Queen  
  23  2:35  Drone x2  
  27  2:37  Queen  
  29  2:49  Zergling x6  
  32  2:56  Baneling Nest  
  30  3:03  Zergling x6  
  33  3:11  Overlord  
  33  3:32  Zergling x4  
  33  3:33  Zergling x2  
  36  3:39  Baneling x3  
  36  3:40  Baneling x2  
  36  3:43  Overlord  
  36  3:50  Overlord  
  33  4:16  Zergling x12  
  33  4:17  Zergling x2  
  38  4:22  Drone x2  
  40  4:24  Baneling x2  
  40  4:25  Baneling  
  40  4:31  Zergling x2  
  38  4:44  Drone x2  
  38  4:45  Drone x2  
  40  4:54  Drone  
  40  4:55  Drone  
  35  5:18  Drone x6  
  35  5:19  Drone x2  
  43  5:29  Lair, Roach Warren  
  43  5:34  Drone  
  43  5:35  Drone  
  44  5:42  Zergling x4  
  46  5:48  Drone x2, Evolution Chamber  
  46  5:49  Overlord  
  47  5:51  Baneling  
  41  6:15  Zergling x2  
  41  6:16  Spine Crawler, Zergling x12  
  44  6:29  Roach x2  
  30  6:42  Drone x2  
  30  6:45  Baneling x3  
  30  6:46  Baneling  
  32  6:58  Drone x3  
  35  7:05  Drone x2  
  37  7:09  Queen  
  37  7:10  Drone  
  40  7:16  Drone  
  40  7:17  Drone x2  
  43  7:24  Zerg Ground Armor Level 1  
  43  7:27  Drone x2  
  45  7:37  Glial Reconstitution  
  40  7:53  Roach  
  40  7:54  Roach x7  
  56  8:01  Roach  
  58  8:24  Drone x2  
  58  8:26  Overlord x2  
  60  8:30  Overlord  
  60  8:33  Overlord  
  60  8:50  Roach  
  60  8:51  Roach x6  
  74  9:03  Roach x3  
  74  9:04  Roach x4  
  86  9:40  Roach x3  
  86  9:43  Unknown  
  86  9:44  Unknown  
  90  9:54  Roach  
  90  10:09  Roach x3  
  90  10:27  Roach x3  
  90  10:54  Roach x3  
  92  11:10  Hatchery  
  65  11:32  Drone  
  56  11:39  Extractor  
  53  11:40  Extractor  
  53  11:45  Zerg Missile Weapons Level 1  
  50  11:51  Roach x2  
  50  11:52  Roach x5  
  60  11:59  Ravager x3  
  60  12:00  Ravager x3  
  66  12:03  Burrow  
  66  12:07  Evolution Chamber  
  65  12:09  Drone x3  
  68  12:16  Hydralisk Den  
  67  12:22  Pneumatized Carapace  
  67  12:32  Queen  
  67  12:33  Drone x6  
  67  12:34  Drone x2  
  67  12:36  Roach x2  
  81  12:46  Zerg Ground Armor Level 2  
  81  12:54  Drone  
  81  12:55  Drone x3  
  81  12:56  Roach x3  
  91  13:05  Overlord  
  91  13:12  Drone x2  
  93  13:14  Extractor  
  93  13:15  Extractor  
  93  13:19  Drone  
  93  13:20  Drone  
  93  13:21  Roach x2  
  93  13:23  Overlord  
  97  13:28  Overlord  
  97  13:31  Overlord  
  97  13:41  Overlord  
  97  13:43  Overlord  
  97  13:47  Hydralisk  
  97  13:48  Hydralisk x3  
  99  13:52  Hydralisk x4, Muscular Augments  
  113  13:58  Drone  
  113  14:01  Hydralisk  
  113  14:02  Roach x2, Hydralisk  
  122  14:06  Ravager  
  122  14:07  Overlord  
  122  14:08  Overlord  
  123  14:23  Hatchery  
  122  14:25  Extractor  
  121  14:39  Roach x2, Hydralisk x3  
  121  14:40  Roach x2  
  121  14:42  Roach  
  121  14:43  Roach  
  139  14:51  Hydralisk x4  
  139  14:52  Hydralisk x6  
  139  14:56  Roach x14  
  137  15:08  Roach, Hydralisk x3  
  137  15:09  Roach x3  
Show
View Real Time Build Order
Export as new Build Order

Nfidel Zerg 

Build Orders: Hatch First 

Get SALT Encoding   

  12  0:01  Drone  
  13  0:13  Overlord  
  13  0:17  Drone  
  14  0:32  Drone x2  
  16  0:36  Drone  
  17  0:53  Hatchery  
  16  0:57  Drone  
  16  0:59  Drone  
  18  1:10  Extractor  
  17  1:15  Spawning Pool  
  17  1:17  Drone  
  17  1:21  Drone  
  18  1:29  Drone  
  19  1:39  Overlord  
  19  1:50  Drone  
  20  2:01  Queen  
  20  2:04  Zergling x2  
  20  2:05  Queen  
  20  2:06  Zergling x2  
  26  2:16  Drone x2  
  28  2:26  Drone  
  29  2:42  Hatchery  
  27  2:53  Metabolic Boost  
  27  2:59  Drone x5  
  27  3:00  Drone  
  27  3:01  Evolution Chamber  
  32  3:07  Queen  
  32  3:10  Drone  
  35  3:15  Overlord  
  35  3:22  Zergling x4  
  36  3:29  Evolution Chamber  
  36  3:30  Zergling x2  
  36  3:38  Zergling x6  
  36  3:39  Zergling x2  
  40  3:43  Zerg Melee Weapons Level 1  
  33  4:12  Zergling x6  
  33  4:13  Zergling x6  
  33  4:16  Zergling x6  
  33  4:17  Zergling x6  
  34  4:20  Queen  
  34  4:41  Zergling x2  
  34  4:42  Zergling x8  
  29  4:46  Zergling x2  
  29  4:49  Queen  
  30  5:07  Baneling Nest  
  30  5:09  Zergling x8  
  30  5:10  Zergling x4  
  29  5:20  Zergling x8  
  33  5:36  Spine Crawler  
  33  5:41  Drone x4  
  36  5:50  Baneling  
  36  5:51  Baneling x2  
  31  6:35  Drone  
  31  6:36  Drone x14  
  42  6:43  Lair  
  41  6:56  Spine Crawler  
  41  6:59  Zergling x10  
  41  7:00  Zergling x2  
  47  7:08  Zergling x4  
  47  7:09  Zergling x2  
  49  7:18  Zerg Missile Weapons Level 1  
  49  7:22  Baneling x2  
  49  7:23  Roach Warren  
  48  7:30  Queen  
  48  7:31  Overlord x2  
  48  7:32  Overlord  
  48  7:33  Baneling x2  
  49  7:53  Overlord x3  
  49  7:54  Drone x4  
  49  7:55  Drone  
  49  7:56  Extractor  
  49  7:58  Extractor  
  52  7:59  Overseer  
  52  8:29  Roach x6  
  52  8:30  Roach x2  
  52  8:32  Glial Reconstitution  
  68  8:40  Drone x4  
  68  8:41  Drone x4  
  76  8:45  Overlord  
  76  8:47  Pneumatized Carapace  
  76  8:55  Roach x4  
  84  9:05  Drone x3, Extractor  
  86  9:13  Extractor  
  86  9:14  Drone x3  
  86  9:15  Drone, Extractor  
  86  9:16  Drone x2  
  92  9:17  Roach x2  
  86  9:34  Roach x3  
  85  9:50  Roach x2  
  85  9:51  Roach x3  
  89  9:55  Roach x2  
  89  9:56  Roach  
  91  10:03  Roach x3  
  91  10:16  Roach x2  
  91  10:26  Roach  
  91  10:27  Roach  
  84  10:34  Roach x2  
  78  10:47  Roach x2  
  74  10:57  Roach x2  
  70  11:04  Roach  
  72  11:18  Roach x3  
  64  11:27  Roach x2  
  47  11:52  Roach  
  47  11:53  Roach x5  
  59  12:09  Queen  
  59  12:11  Queen  
  59  12:12  Hatchery  
  62  12:20  Hatchery  
  61  12:26  Hydralisk Den  
  60  12:31  Drone x2  
  60  12:32  Drone x2  
  60  12:36  Roach x3  
  70  12:55  Ravager  
  70  12:56  Ravager x3  
  70  12:57  Ravager  
  70  12:58  Zergling x8  
  77  13:03  Roach  
  81  13:16  Roach  
  81  13:18  Overlord x4  
  81  13:19  Overlord x3  
  83  13:32  Roach x2  
  87  13:51  Zergling x2  
  87  13:52  Zergling x14  
  95  13:57  Spire  
  95  14:02  Zergling x6  
  97  14:11  Queen  
  99  14:26  Zergling x2  
  99  14:27  Zergling x20  
  110  14:42  Zergling x2  
  110  14:43  Zergling x6  
  114  14:50  Hatchery  
  113  14:53  Zergling x14  
  113  14:54  Zergling x2  
  100  15:14  Zergling x28  
Tags
 
Matchup
ZvZ
Race
Zerg
Replay Pack
2017S4
Spawn Locations
Cross Positions
Add a new tag
Caveats
  • Supply blocks, unpowered buildings, or Contaminate may cause inaccurate times.
  • Supply counts are checked every 10 seconds.